 Dungeon Crawl Stone Soup version 0.21-a0-426-g98080a9 (webtiles) character file.

0 slep the Skirmisher (level 1, -4/18 HPs)
             Began as a Demonspawn Abyssal Knight on Nov 7, 2017.
             Was a Follower of Lugonu.
             Slain by an anaconda skeleton (12 damage)
             ... on level 1 of the Abyss.
             The game lasted 00:02:37 (195 turns).

slep the Skirmisher (Demonspawn Abyssal Knight)      Turns: 195, Time: 00:02:38

Health: -4/18      AC:  3    Str: 12    XL:     1   Next: 0%
Magic:  2/2        EV:  8    Int: 13    God:    Lugonu [*.....]
Gold:   0          SH:  0    Dex: 12    Spells: 0/0 levels left

rFire    . . .     SeeInvis .   a - +1 falchion
rCold    . . .     Gourm    .   (no shield)
rNeg     . . .     Faith    .   b - +0 leather armour
rPois    .         Spirit   .   (no helmet)
rElec    .         Reflect  .   (no cloak)
rCorr    .         Harm     .   (no gloves)
MR       .....                  (no boots)
Stlth    +.........             (no amulet)
HPRegen  0.06/turn              (no ring)
MPRegen  0.08/turn              (no ring)

@: constricted
A: no striking features
a: Depart the Abyss, Renounce Religion


You were on level 1 of the Abyss.
You worshipped Lugonu.
Lugonu was aware of your devotion.
You were not hungry.

You visited 0 branches of the dungeon, and saw 0 of its levels.
You visited the Abyss 1 time.

Inventory:

Hand Weapons
 a - a +1 falchion (weapon)
Armour
 b - a +0 leather armour (worn)
Scrolls
 d - a scroll of enchant weapon {unknown}
 e - a scroll of enchant armour {unknown}
Comestibles
 c - a bread ration


   Skills:
 + Level 3.0 Fighting
 + Level 1.7 Long Blades
 + Level 1.7 Armour
 + Level 0.8 Dodging
 + Level 2.4 Invocations


You couldn't memorise any spells.
You didn't know any spells.

Dungeon Overview and Level Annotations

Branches:
Dungeon (0/15)

Altars:


Message History

2 starspawn tentacles come into view.
The starspawn tentacle grabs you. The starspawn tentacle constricts you.
You escape the starspawn tentacle's grasp.
The starspawn tentacle grabs you. The starspawn tentacle constricts you.
You escape the starspawn tentacle's grasp.
The starspawn tentacle grabs you. The starspawn tentacle constricts you.
A starspawn tentacle comes into view.
You escape the starspawn tentacle's grasp.
The starspawn tentacle grabs you. The starspawn tentacle constricts you.
You escape the starspawn tentacle's grasp.
The starspawn tentacle grabs you. The starspawn tentacle constricts you.
You escape the starspawn tentacle's grasp.
An anaconda skeleton comes into view.
A large abomination comes into view.
The large abomination moves out of view.
You hit the anaconda skeleton.
The anaconda skeleton is lightly damaged.
The anaconda skeleton grabs you. The anaconda skeleton bites you!
Ouch! That really hurt!
You die...

## ..# #.. .
.####...#..# #.
..#..# ...## #.
..#.##.#.. #
#.##X#.#....##.#
#..#....#.. .###
.
#...Z#.#..#...#..
#.@.#...# .....#
#. #.#..##.....#
#.#
...##.###....###
. #...#
.##....###.# ...
..### .#
#.#.##Λ.#.# .# #.
.. ...#..
.\##.#.# # .#
#.#..#..#.──X..#
#. ....#.....##
.#.. . ...#
#######....


You could see a large abomination and an anaconda skeleton.

Vanquished Creatures (others)
  3 starspawn tentacles (Abyss:1)
3 creatures vanquished.

Notes
Turn   | Place    | Note
-------+----------+-------------------------------------------
     0 | Abyss:1  | slep the Demonspawn Abyssal Knight began the quest for the Orb.
     0 | Abyss:1  | Reached XP level 1. HP: 18/18 MP: 2/2
     2 | Abyss:1  | Found a corrupted altar of Lugonu.
    47 | Abyss:1  | Noticed an iron imp
    57 | Abyss:1  | Found a roughly hewn altar of Beogh.
    84 | Abyss:1  | Noticed a small abomination
   164 | Abyss:1  | Noticed a tentacled starspawn
   191 | Abyss:1  | Noticed an anaconda skeleton
   192 | Abyss:1  | Noticed a large abomination
   195 | Abyss:1  | Slain by an anaconda skeleton

Vault maps used:

Action                   || total
-------------------------++-------
Melee: Falchion          ||     1
Dodge: Dodged            ||     1

Table legend:
 A = Spawn XP
 B = Non-spawn XP
 C = Spawn XP percentage of total XP
 D = Spawn monster count
 E = Non-spawn monster count
 F = Spawn count percentage of total count
 G = Total turns spent on level
                    A         B        C        D         E        F      G
               +---------+---------+-------+---------+---------+-------+---------
         Total |       0 |       0 |   N/A |       0 |       0 |   N/A |   195
               +---------+---------+-------+---------+---------+-------+---------
               +---------+---------+-------+---------+---------+-------+---------
